AoeStats
← THE RANDY

Black Forest

510469052Analyzed
2v2 RM · 2d ago on Oct 1, 2026· 63m 49s· 4 players
Game mode
Random Map
Map size
Medium (4 player)
Population
200
Speed
Normal
Resources
Standard
Victory
Conquest
Starting age
Dark Age
Ending age
Imperial Age
RankedLock teamsTeams togetherTeam positionsShared explorationLock speedFull tech treeHidden civsTurbo modeCheats
Victory
Defeat
🇦🇷 Teutons · Argentina
714
+10
🇦🇷 Teutons · Argentina
677
+12
🇵🇪 Burgundians · Peru
670
-14
🇪🇸 Turks · Spain
491
-8
floky_loky_666
15:57 Feudal Age
15:36 Loom
16:31 Fishing Lines
16:40 Double-Bit Axe
16:40 Horse Collar
19:35 Wheelbarrow
26:46 Castle Age
27:27 Gillnets
27:51 Bow Saw
27:46 Heavy Plow
29:28 Crossbowman
30:14 Thumb Ring
30:13 Padded Archer Armor
30:04 Fletching
30:21 Scale Barding Armor
30:17 Scale Mail Armor
30:27 Forging
30:49 Hand Cart
30:20 Town Watch
31:42 Stone Mining
31:46 Gold Mining
32:13 Caravan
32:44 Coinage
31:54 Man-at-Arms
32:36 Squires
32:22 Arson
32:32 Guard Tower
33:04 Ballistics
32:35 Heated Shot
32:56 Fortified Wall
38:06 Imperial Age
36:00 Long Swordsman
37:11 Town Patrol
37:28 Masonry
36:58 Treadmill Crane
37:14 Murder Holes
37:25 Siphons
38:17 Leather Archer Armor
37:58 Bodkin Arrow
39:01 Gold Shaft Mining
40:50 Chain Barding Armor
41:01 Ring Archer Armor
40:47 Chain Mail Armor
41:08 Iron Casting
41:41 Two-Man Saw
42:56 Plate Barding Armor
42:22 Bracer
43:25 Bombard Tower
45:01 Heavy Camel Rider
45:05 Cavalier
45:47 Husbandry
46:00 Bloodlines
46:57 Plate Mail Armor
47:28 Blast Furnace
46:34 Two-Handed Swordsman
48:49 Banking
50:04 Hoardings
50:18 Elite Janissary
51:19 Sipahi
53:12 Architecture
MAHORAGA
9:33 Double-Bit Axe
9:29 Horse Collar
14:08 Feudal Age
12:23 Loom
15:50 Wheelbarrow
15:01 Town Watch
16:18 Gold Mining
18:45 Bow Saw
18:37 Heavy Plow
19:23 Stone Mining
20:38 Fishing Lines
23:04 Gillnets
25:58 Castle Age
27:46 Gold Shaft Mining
27:50 Stone Shaft Mining
30:57 Imperial Age
31:15 Two-Man Saw
35:05 Cavalier
35:07 Man-at-Arms
35:49 Squires
37:20 Scale Mail Armor
37:26 Scale Barding Armor
37:22 Padded Archer Armor
37:32 Forging
37:02 Elite Coustillier
38:12 Burgundian Vineyards
40:37 Crop Rotation
40:30 Hand Cart
40:15 Town Patrol
40:51 Chain Mail Armor
40:57 Chain Barding Armor
41:12 Iron Casting
41:01 Husbandry
42:52 Plate Mail Armor
44:04 Caravan
44:35 Coinage
44:15 Guilds
43:33 Paladin
43:35 Light Cavalry
48:24 Chemistry
47:35 Masonry
47:16 Guard Tower
47:12 Arrowslits
48:51 Long Swordsman
49:18 Arson
51:32 Plate Barding Armor
51:58 Blast Furnace
50:48 Fletching
51:13 Leather Archer Armor
51:21 Two-Handed Swordsman
55:17 Redemption
55:27 Sanctity
THE RANDY
0:49 Loom
16:39 Feudal Age
19:43 Double-Bit Axe
20:27 Town Watch
23:24 Castle Age
25:47 Fishing Lines
30:01 Bow Saw
33:23 Bloodlines
36:12 Imperial Age
37:14 Forging
37:04 Scale Mail Armor
37:10 Scale Barding Armor
36:27 Cavalier
39:34 Chemistry
38:22 Paladin
39:42 Iron Casting
39:23 Chain Mail Armor
40:57 Two-Man Saw
40:16 Chain Mail Armor
40:29 Ballistics
40:35 Chain Barding Armor
41:56 Horse Collar
42:58 Wheelbarrow
42:23 Town Patrol
43:59 Caravan
44:29 Coinage
44:11 Guilds
44:38 Plate Mail Armor
47:04 Plate Barding Armor
48:48 Gold Mining
48:48 Stone Mining
49:01 Heavy Plow
50:14 Blast Furnace
riky010pichichin
1:06 Loom
14:55 Feudal Age
16:07 Double-Bit Axe
18:25 Horse Collar
23:57 Castle Age
22:54 Gold Mining
22:55 Stone Mining
23:01 Stone Mining
23:06 Fishing Lines
27:26 Bow Saw
30:23 Stone Shaft Mining
29:55 Heavy Plow
30:03 Gillnets
31:32 Wheelbarrow
34:51 Imperial Age
35:39 Scale Mail Armor
37:07 Hand Cart
37:21 Forging
37:12 Padded Archer Armor
37:28 Heavy Scorpion
39:43 Elite Teutonic Knight
41:48 Chemistry
43:00 Onager
44:30 Siege Onager
Connection lost

Rejoining the realm…

Still unreachable

The connection could not be restored.

Session expired

The server has moved on; the page needs a fresh start.